 Dungeon Crawl Stone Soup version 0.24-a0-123-ga2403f3 (console) character file.

Game seed: 12493698851717639559

130 Duffy the Chopper (level 5, -23/45 HPs)
             Began as a Naga Gladiator on Feb 22, 2019.
             Killed from afar by an orc (24 damage)
             ... with an exploding inner flame
             ... hexed by the player character
             ... on level 4 of the Dungeon.
             The game lasted 00:01:15 (1271 turns).

Duffy the Chopper (Naga Gladiator)                  Turns: 1271, Time: 00:01:16

Health: -23/45     AC:  4    Str: 16    XL:     5   Next: 13%
Magic:  5/5        EV: 10    Int: 10    God:
Gold:   36         SH:  0    Dex: 12    Spells: 4/4 levels left

rFire    . . .     SeeInvis +   a - +0 war axe
rCold    . . .     Gourm    .   (no shield)
rNeg     . . .     Faith    .   b - +0 leather armour
rPois    +         Spirit   .   c - +0 helmet
rElec    .         Reflect  .   (no cloak)
rCorr    .         Harm     .   (no gloves)
MR       .....     Rnd*Tele +   (no barding)
Stlth    +.........             (no amulet)
HPRegen  0.15/turn              j - ring of teleportation (curse)
MPRegen  0.09/turn              (no ring)

@: very slow
A: large, see invisible, deformed body, poison resistance, slowness 2, slow
metabolism 1, spit poison 1, AC +1
a: Spit Poison


You were on level 4 of the Dungeon.
You were hungry.

You visited 1 branch of the dungeon, and saw 4 of its levels.

You collected 36 gold pieces.

Inventory:

Hand Weapons
 a - a +0 war axe (weapon)
 h - a +0 blowgun
Missiles
 d - 3 throwing nets (quivered)
Armour
 b - a +0 leather armour (worn)
 c - a +0 helmet (worn)
Jewellery
 j - a cursed ring of teleportation (left hand)
Potions
 e - a potion of berserk rage {unknown}
 i - a potion of brilliance {unknown}
Comestibles
 f - 2 rations
 k - 5 chunks of flesh


   Skills:
 - Level 2.0 Fighting
 + Level 5.6 Axes
 - Level 1.7 Throwing
 - Level 2.4 Dodging


You had 4 spell levels left.
You didn't know any spells.
Your spell library was empty.

Dungeon Overview and Level Annotations

Branches:
Dungeon (4/15)
 Temple: D:4-7

Altars:
Uskayaw


Innate Abilities, Weirdness & Mutations

You cannot wear boots.
Your serpentine skin is tough. (AC +1)
You have supernaturally acute eyesight. (SInv)
Armour fits poorly on your strangely shaped body.
Your system is resistant to poisons. (rPois)
You cover ground very slowly.
You have a slow metabolism.
You can spit poison.


Message History

The orc hits you but does no damage.
Something bites the plant but does no damage.
A quokka comes into view.
The orc wizard hits you but does no damage.
You hear a shout!
You hit the orc wizard.
The orc wizard is moderately wounded.
You hit the orc.
Something bites the plant but does no damage.
The orc barely misses you.
The worker ant waves its antennae.
A quokka comes into view.
The orc wizard hits you with a +0 dagger.
You slash the orc wizard!
The orc wizard is almost dead.
You slash the orc!
The orc explodes!
The fiery explosion engulfs you!!
Ouch! That really hurt!
You die...

#.. # #..
..######..#
........
....(.# .7
#..00##.7
#..00rP7
#..@o7
#.l777 #.r7
#.7


.aZ .a. #.. ... You could see 2 worker ants, an orc wizard (inner flame), a
leopard gecko (inner flame), 2 quokkas and a howler monkey skeleton (inner
flame).

Vanquished Creatures
  Natasha (twice) (D:2)
  An adder (D:2)
  3 gnolls (D:3)
  An ooze (D:2)
  A worm (D:3)
  A dart slug (D:3)
  3 leopard geckos (D:3)
  3 bats (D:3)
  2 giant cockroaches (D:3)
  4 goblins
  3 hobgoblins
  2 jackals (D:2)
  3 kobolds
  2 rats
31 creatures vanquished.

Notes
Turn   | Place    | Note
-------+----------+-------------------------------------------
     0 | D:1      | Duffy the Naga Gladiator began the quest for the Orb.
     0 | D:1      | Reached XP level 1. HP: 19/19 MP: 1/1
   185 | D:2      | Found a hide-covered altar of Uskayaw.
   193 | D:2      | Reached XP level 2. HP: 17/26 MP: 2/2
   370 | D:2      | Noticed Natasha
   378 | D:2      | Noticed a crimson imp
   379 | D:2      | Killed Natasha
   379 | D:2      | Reached skill level 4 in Axes
   379 | D:2      | Reached XP level 3. HP: 13/32 MP: 3/3
   635 | D:2      | Noticed Natasha
   638 | D:2      | Killed Natasha
   638 | D:2      | Reached XP level 4. HP: 39/39 MP: 4/4
   651 | D:2      | Reached skill level 5 in Axes
  1256 | D:3      | Reached XP level 5. HP: 16/45 MP: 5/5
  1268 | D:4      | HP: 2/45 [orc/+0 mace (2)]
  1271 | D:4      | Killed from afar by an orc

Levels and vault maps discovered:
D:1:      lemuel_arrival_behind_the_door_large, layout_basic
D:2:      layout_basic, eat_drink_and_be_merry_uskayaw, minmay_misc_feat_rows,
          uniq_natasha
D:3:      layout_basic, first_ration, minivault_19
D:4:      wad_woods_stonehenge, layout_layer_cave,
          nicolae_overflow_crystal_walls, kennysheep_slug_shrine,
          nzn_random_ring, uniq_ijyb, uniq_blork_the_orc

Skill      XL: |  1  2  3  4 |
---------------+-------------+-----
Axes           | 4 5 |  5.6
Fighting       | |  2.0
Throwing       | |  1.7
Dodging        | |  2.4

Action                   |  1- 3 |  4- 6 || total
-------------------------+-------+-------++-------
Melee: War axe           |    34 |    56 ||    90
 Abil: Spit Poison       |     2 |     5 ||     7
  Use: Scroll            |       |     2 ||     2
Armor: Leather armour    |     5 |    16 ||    21
Dodge: Dodged            |    23 |    42 ||    65

Table legend:
 A = Non-vault XP
 B = Vault XP
 C = Vault XP percentage of total XP
 D = Non-vault monster count
 E = Vault monster count
 F = Vault count percentage of total count
                 A         B        C        D         E       F
            +---------+---------+-------+---------+---------+-------
      Total |     150 |      36 |  19.4 |      30 |       1 |   3.2
            +---------+---------+-------+---------+---------+-------
        D:1 |       5 |       0 |   0.0 |       3 |       0 |   0.0
        D:2 |      66 |      36 |  35.3 |       9 |       1 |  10.0
        D:3 |      79 |       0 |   0.0 |      18 |       0 |   0.0
            +---------+---------+-------+---------+---------+-------
